 Dungeon Crawl Stone Soup version 0.31-a0-175-g9f7f995f2b (webtiles) character file.

Game seed: 2403781433103718161

24 qw the Shooter (level 3, 0/32 HPs)
             Began as a Naga Hunter on June 16, 2023.
             Slain by a frilled lizard (1 damage)
             ... on level 1 of the Dungeon.
             The game lasted 00:00:11 (278 turns).

qw the Shooter (Naga Hunter)                         Turns: 278, Time: 00:00:11

Health: 0/32       AC:  2    Str: 13    XL:     3   Next: 2%
Magic:  3/3        EV:  9    Int:  9    God:
Gold:   107        SH:  0    Dex: 16    Spells: 2/2 levels left

rFire   . . .        a - +0 shortbow
rCold   . . .        (shield currently unavailable)
rNeg    . . .        c - +0 leather armour
rPois   +            (no helmet)
rElec   .            (no cloak)
rCorr   .            (no gloves)
SInv    +            (no barding)
Will    .....        (no amulet)
Stlth   ++           (no ring)
HPRegen 0.25/turn    (no ring)
MPRegen 0.08/turn

%: no passive effects
@: short of breath, very slow
A: AC +1, large, see invisible, deformed body, poison resistance, slowness 2,
spit poison 1, naga tail 1
a: Spit Poison


You were on level 1 of the Dungeon.
You visited 1 branch of the dungeon, and saw 1 of its levels.

You collected 107 gold pieces.


Innate Abilities, Weirdness & Mutations

Your serpentine skin is tough. (AC +1)
You have supernaturally acute eyesight. (SInv)
Armour fits poorly on your strangely shaped body.
Your system is resistant to poisons. (rPois)
You cover ground very slowly.
You can spit poison.
You have a snake-like lower body.


   Skills:
 - Level 2.0 Fighting
 + Level 4.4 Ranged Weapons
 - Level 1.5 Dodging
 - Level 1.5 Stealth


You had 2 spell levels left.
You didn't know any spells.
Your spell library was empty.

Inventory:

Hand Weapons
 a - a +0 shortbow (weapon)
Armour
 c - a +0 leather armour (worn)
Scrolls
 b - a scroll of butterflies
 d - 2 scrolls of identify {unknown}
 f - a scroll of enchant weapon {unknown}
Potions
 e - a potion of ambrosia {unknown}

Dungeon Overview and Level Annotations

Branches:
Dungeon (1/15)

Altars:


Message History

You kill the frilled lizard!
The frilled lizard bites you. The frilled lizard barely misses you.
You shoot an arrow.
The arrow closely misses the frilled lizard.
The arrow hits the dart slug.
The dart slug is lightly wounded.
The frilled lizard barely misses you. x2
You shoot an arrow. The arrow hits the dart slug.
The dart slug is moderately wounded.
The frilled lizard bites you but does no damage.
The frilled lizard barely misses you. The dart slug launches a dart at you.
The slug dart hits you.
The frilled lizard bites you but does no damage.
The frilled lizard bites you.
You shoot an arrow. The arrow hits the dart slug.
The dart slug is severely wounded.
The dart slug launches a dart at you. The slug dart hits you.
The frilled lizard bites you. The frilled lizard barely misses you.
You shoot an arrow. The arrow hits the dart slug!
You kill the dart slug!
The frilled lizard bites you. x2
You have reached level 3!
Your experience leads to an increase in your attributes!
Increase (S)trength, (I)ntelligence, or (D)exterity?
You feel agile. x2; Your skin feels tougher.
You shoot an arrow. The arrow hits the frilled lizard.
The frilled lizard is heavily wounded.
You have got your breath back.
The frilled lizard bites you.
The frilled lizard bites you but does no damage.
278 ||| INVOKING Spit Poison.
Aiming: Spit Poison (2% risk of failure)
Press: ? - help, Shift-Dir - straight line, f/p - frilled lizard The splash of poison hits the frilled lizard.
The frilled lizard is poisoned.
You kill the frilled lizard!
The frilled lizard bites you.
You die...

#.#.#.....# #.#.#.###.#
~ #.#.#.# #.# ~~
######'#.#.# #.# ~~.
#........#.###.#
~.%.####........#.#.#.#
~...............#.#.#.##
....%.l..####.#.#...#..)
......%@.# #.#.###.#...
......%%.####.#.###.#...
.........+..............
.........####.#.#####...
.......### #.#.........
....... ##.#####.....
#......#####..........[.
........................
.##.....######.#+#


You could see a frilled lizard.

Vanquished Creatures
  A dart slug (D:1)
  A bat (D:1)
  2 endoplasms (D:1)
  5 hobgoblins (D:1)
  2 kobolds (D:1)
  A ball python (D:1)
  8 frilled lizards (D:1)
  3 rats (D:1)
23 creatures vanquished.

Notes
Turn   | Place    | Note
-------+----------+-------------------------------------------
     0 | D:1      | qw the Naga Hunter began the quest for the Orb.
     0 | D:1      | Reached XP level 1. HP: 19/19 MP: 1/1
     0 | D:1      | 0 ||| qw: Version: 0.2-a-29-g511e9b1
     0 | D:1      | 0 ||| qw: Game counter: 5729
     0 | D:1      | 0 ||| qw: Always use a shield: true
     0 | D:1      | 0 ||| qw: God list: Okawaru
     0 | D:1      | 0 ||| qw: Allow faded altars: false
     0 | D:1      | 0 ||| qw: Do Orc after D:15 true
     0 | D:1      | 0 ||| qw: Do second Lair branch before Depths: true
     0 | D:1      | 0 ||| qw: Lair rune preference: random
     0 | D:1      | 0 ||| qw: Plans: Normal
     0 | D:1      | 0 ||| PLANNING D:1-11
    35 | D:1      | 35 ||| INVOKING Spit Poison.
    38 | D:1      | 38 ||| INVOKING Spit Poison.
    67 | D:1      | 67 ||| INVOKING Spit Poison.
    82 | D:1      | 82 ||| INVOKING Spit Poison.
    83 | D:1      | Reached skill level 4 in Ranged Weapons
    83 | D:1      | Reached XP level 2. HP: 26/26 MP: 2/2
    88 | D:1      | 88 ||| INVOKING Spit Poison.
    90 | D:1      | 90 ||| INVOKING Spit Poison.
    96 | D:1      | 96 ||| INVOKING Spit Poison.
   102 | D:1      | 102 ||| INVOKING Spit Poison.
   125 | D:1      | 125 ||| INVOKING Spit Poison.
   145 | D:1      | 145 ||| INVOKING Spit Poison.
   150 | D:1      | 150 ||| INVOKING Spit Poison.
   260 | D:1      | 260 ||| INVOKING Spit Poison.
   265 | D:1      | 265 ||| INVOKING Spit Poison.
   269 | D:1      | 269 ||| INVOKING Spit Poison.
   272 | D:1      | 272 ||| INVOKING Spit Poison.
   275 | D:1      | HP: 5/26 [dart slug/slug dart (4)]
   276 | D:1      | HP: 1/26 [frilled lizard (2)]
   277 | D:1      | Reached XP level 3. HP: 2/32 MP: 3/3
   278 | D:1      | 278 ||| INVOKING Spit Poison.
   278 | D:1      | Slain by a frilled lizard

Levels and vault maps discovered:
D:1:      minmay_arrival_radiant_lines, layout_basic, minmay_lizard_pond

Skill      XL: |  1 |
---------------+----+-----
Ranged Weapons | 4 |  4.4
Fighting       | |  2.0
Dodging        | |  1.5
Stealth        | |  1.5

Action                     || total
---------------------------++-------
   Fire: Shortbow          ||    40
Ability: Spit Poison       ||    15
 Armour: Leather armour    ||     8
  Dodge: Dodged            ||    17

Table legend:
 A = Non-vault XP
 B = Vault XP
 C = Vault XP percentage of total XP
 D = Non-vault monster count
 E = Vault monster count
 F = Vault count percentage of total count
                 A         B        C        D         E       F
            +---------+---------+-------+---------+---------+-------
      Total |      29 |       7 |  19.4 |      16 |       7 |  30.4
            +---------+---------+-------+---------+---------+-------
        D:1 |      29 |       7 |  19.4 |      16 |       7 |  30.4
            +---------+---------+-------+---------+---------+-------
